Unix NetHack Version 5.0.0-0 post-release - last build May  4 2026 22:22:43 (774f63e81ad911689b3a0859ea89b322d5daca8d,branch:main).

Game began 2026-05-07 13:08:04, ended 2026-05-07 18:16:00.

2459832143, lawful male human Knight

                                                  ---------
                                                  |.......|
                                                  .<....B'|
                                                  |.d.s....
                                                  ---------

2459832143 the Esquire   St:15 Dx:9 Co:14 In:7 Wi:14 Ch:18  Lawful
Dlvl:7  $:78 HP:0(36) Pw:18(18) AC:3  Xp:3 T:3212  Fainted  Deaf

Latest messages:
 You regain consciousness.
 $ - 16 gold pieces (78 in total).
 You can hear again.
 You faint from lack of food.
 You regain consciousness.
 You descend the stairs.
 Kaablamm!  You hear an explosion in the distance!
 You see here 2 food rations.
 h - 2 food rations.
 You faint from lack of food.
 The straw golem hits!
 The straw golem hits again!
 The straw golem misses!
 The straw golem hits!
 The straw golem hits!
 The straw golem hits again!
 The straw golem hits!
 The straw golem misses!
 The straw golem hits!
 The straw golem hits again!
 The straw golem hits!
 The straw golem hits again!
 The straw golem misses!
 The straw golem hits!
 The straw golem hits!
 The straw golem hits again!
 The straw golem hits!
 The straw golem misses!
 The straw golem hits!
 The straw golem hits again!
 The straw golem hits!
 The straw golem hits again!
 The straw golem hits!
 The straw golem misses!
 The straw golem just misses!
 The straw golem hits!
 The straw golem hits!
 The straw golem hits again!
 The straw golem hits!
 The straw golem hits again!
 The straw golem misses!
 The straw golem hits!
 The straw golem hits!
 The straw golem hits again!
 You die...
 Do you want your possessions identified? [ynq] (y) y
 Do you want to see your attributes? [ynq] (y) y
 Do you want an account of creatures vanquished? [ynaq] (y) y
 Do you want to see your conduct and achievements? [ynq] (y) y
 Do you want to see the dungeon overview? [ynq] (y) n

Inventory:
 Coins    ('$')
  $ - 78 gold pieces
 Weapons  (')')
  a - a corroded +1 long sword
 Armor    ('[')
  d - an uncursed +0 helmet (being worn)
  f - an uncursed +0 pair of leather gloves (being worn)
  e - an uncursed +0 small shield (being worn)
  o - an uncursed +0 dwarvish cloak
  c - an uncursed +1 ring mail (being worn)
 Comestibles  ('%')
  h - 2 uncursed food rations
 Potions  ('!')
  w - 2 uncursed potions of healing
 Wands    ('/')
  b - a wand of secret door detection (0:11)
 Tools    ('(')
  r - an uncursed sack containing 4 items
  y - an uncursed lock pick

Contents of the sack:
  an uncursed spellbook of detect monsters
  an uncursed spellbook of invisibility
  an uncursed potion of levitation
  a cursed stethoscope

2459832143 the Knight's attributes:

Background:
 You were an Esquire, a level 3 male human Knight.
 You were lawful, nominally on a mission for Lugh
 who was opposed by Brigit (neutral) and Manannan Mac Lir (chaotic).
 You were right-handed.
 You were in the Dungeons of Doom, on level 7.
 You entered the dungeon 3212 turns ago.
 You had 79 experience points, 1 more was needed to attain level 4.

Basics:
 You had 0 out of 36 hit points.
 You had all 18 energy points (spell power).
 Your armor class was 3.
 Your wallet contained 78 zorkmids.
 Autopickup was off.

Final Characteristics:
 Your strength was 15 (base:16, limit:18/100).
 Your dexterity was 9 (limit:18).
 Your constitution was 14 (limit:18).
 Your intelligence was 7 (limit:18).
 Your wisdom was 14 (limit:18).
 Your charisma was 18 (limit:18).

Final Status:
 You were deaf.
 You were fainted due to starvation.
 You were unencumbered.
 You were empty handed.
 You were unskilled in bare handed combat.

Final Attributes:
 You were piously aligned.
 You were telepathic.
 You were invisible.
 You could jump.
 You were warded.
 Your spell casting was impaired by metallic armor.
 You are dead.

Miscellaneous:
 You didn't encounter any bones levels.
 Total elapsed playing time was 2 hours, 12 minutes and 32 seconds.

Major events:
 Turn
    1: 2459832143 the lawful male human Knight entered the dungeon
 2015: attained the rank of Esquire (level 3)
 3212: killed by a straw golem, while fainted from lack of food

Spells:
 Name                 Level Category     Fail Retention
 invisibility           4   escape       100%  76%-100%
 detect monsters        1   divination   100%  76%-100%

Skills:
 Fighting Skills
   bare handed combat [Unskilled]
   two weapon combat  [Unskilled]
   riding             [Basic]
 Weapon Skills
   dagger             [Unskilled]
   knife              [Unskilled]
   axe                [Unskilled]
   pick-axe           [Unskilled]
   short sword        [Unskilled]
   broadsword         [Unskilled]
   long sword         [Basic]
   two-handed sword   [Unskilled]
   saber              [Unskilled]
   club               [Unskilled]
   mace               [Unskilled]
   morning star       [Unskilled]
   flail              [Unskilled]
   hammer             [Unskilled]
   polearms           [Unskilled]
   spear              [Unskilled]
   trident            [Unskilled]
   lance              [Basic]
   bow                [Unskilled]
   crossbow           [Unskilled]
 Spellcasting Skills
   attack spells      [Unskilled]
   healing spells     [Unskilled]
   clerical spells    [Unskilled]

Voluntary challenges:
 Character rerolling was not enabled.
 You were an atheist.
 You never genocided any monsters.
 You never polymorphed an object.
 You never changed form.
 You used no wishes.
Achievement:
 You attained the rank of Esquire.

 The Dungeons of Doom: levels 1 to 7
    Level 1:
       Many fountains.
    Level 2:
    Level 3:
    Level 4:
    Level 5:
       An altar, a sink.
    Level 6:
       A fountain.
    Level 7: <- You were here.
       Final resting place for
          you, killed by a straw golem, while fainted from lack of food.


Vanquished creatures:
  2 floating eyes
  a homunculus
  a werejackal
 an iguana
 an acid blob
  a gas spore
  a hobbit
  a yellow mold
  a red mold
  a gnome
  a garter snake
  a gnome zombie
  a gecko
  5 jackals
  a fox
  a goblin
  2 lichens
  a newt
24 creatures vanquished.

No species were genocided or became extinct.

Game over:
                       ----------
                      /          \
                     /    REST    \
                    /      IN      \
                   /     PEACE      \
                  /                  \
                  |    2459832143    |
                  |      78 Au       |
                  |   killed by a    |
                  |   straw golem    |
                  |                  |
                  |                  |
                  |       2026       |
                 *|     *  *  *      | *
        _________)/\\_//(\/(/\)/\//\/|_)_______

Fare thee well 2459832143 the Knight...

You died in The Dungeons of Doom on dungeon level 7 with 717 points,
and 78 pieces of gold, after 3212 moves.
You were level 3 with a maximum of 36 hit points when you died.

